 Dungeon Crawl Stone Soup version 0.28-a0-479-g5baa6b73be (webtiles) character file.

Game seed: 1195372548229082733

340 Dabor the Conjurer (level 6, -1/45 HPs)
             Began as a Demigod Conjurer on Sept 18, 2021.
             Slain by Dowan (2 damage)
             ... on level 4 of the Dungeon.
             The game lasted 00:05:53 (3616 turns).

Dabor the Conjurer (Demigod Conjurer)               Turns: 3616, Time: 00:05:53

Health: -1/45      AC:  4    Str:  8    XL:     6   Next: 8%
Magic:  2/13       EV: 12    Int: 28    God:
Gold:   111        SH:  3    Dex: 14    Spells: 7/10 levels left

rFire   . . .      SeeInvis .   (no weapon)
rCold   . . .      Faith    .   h - +0 buckler
rNeg    . . .      Spirit   .   a - +0 robe
rPois   .          Reflect  .   (no helmet)
rElec   .          Harm     .   (no cloak)
rCorr   +          Rampage  .   (no gloves)
Will    +....                   o - +1 pair of boots of Spite {Will+ Dex+2}
Stlth   ++........              d - amulet of magic regeneration
HPRegen 0.15/turn               k - ring of resist corrosion
MPRegen 0.38/turn               (no ring)

@: no status effects
A: high mp 1, forlorn
a: no special abilities


You were on level 4 of the Dungeon.
You visited 1 branch of the dungeon, and saw 4 of its levels.

You collected 111 gold pieces.

Inventory:

Armour
 a - a +0 robe (worn)
 h - a +0 buckler (worn)
 o - the +1 pair of boots of Spite (worn) {Will+ Dex+2}
   (You found it on level 4 of the Dungeon)

   Dex:       It affects your dexterity (+2).
   Will:      It increases your willpower.
Jewellery
 d - an amulet of magic regeneration (around neck)
 k - a ring of resist corrosion (left hand)
Scrolls
 b - a scroll of enchant armour {unknown}
 e - 3 scrolls of identify {unknown}
 f - 2 scrolls of vulnerability {unknown}
 i - 3 scrolls of noise {unknown}
Potions
 c - 2 potions of curing {unknown}
 g - 2 potions of cancellation {unknown}
 j - a potion of mutation {unknown}
 l - a potion of heal wounds {unknown}
 m - a potion of might {unknown}
 n - 2 potions of brilliance {unknown}


   Skills:
 + Level 3.1 Dodging
 + Level 3.3 Stealth
 + Level 2.9 Spellcasting
 + Level 4.5 Conjurations
 + Level 2.1 Hexes


You had 7 spell levels left.
You knew the following spells:

 Your Spells              Type           Power      Damage    Failure   Level
a - Magic Dart            Conj           100%       1d8       2%          1
b - Searing Ray           Conj           58%        2d6       3%          2

Your spell library contained the following spells:

 Spells                   Type           Power      Damage    Failure   Level
 Dazzling Flash           Conj/Hex       44%        N/A       11%         3
 Fulminant Prism          Conj/Hex       11%        3d9       34%         4
 Iskenderun's Mystic Bla  Conj/Tloc      16%        2d5       50%         4


Dungeon Overview and Level Annotations

Branches:
Dungeon (4/15)
 Temple: D:4-7

Annotations:
D:4 Dowan


Innate Abilities, Weirdness & Mutations

Your attributes grow dramatically as you level up.
You have an increased reservoir of magic. (+10% MP)
You shall have no god before yourself.


Message History

Aim: Duvessa, wielding a +0 short sword and wearing a +0 ring mail (severely wounded, 85% to hit)
The searing ray hits Duvessa.
Duvessa is severely wounded. (Press . to maintain the ray.) Duvessa hits you with a +0 short sword.
Dowan mumbles some strange words.
Dowan blinks!
The searing ray hits Duvessa.
Duvessa is almost dead.
Duvessa misses you.
The searing ray hits Duvessa.
Duvessa is almost dead.
You block Duvessa's attack.
Casting: Searing Ray (safe; 4% risk of failure)
Confirm with . or Enter, or press ? or * to list all spells.
Restarting spell: Searing Ray (safe; 4% risk of failure)
Press: ? - help, Shift-Dir - straight line, f/p - Duvessa
Aim: Duvessa, wielding a +0 short sword and wearing a +0 ring mail (almost dead, 85% to hit)
The searing ray hits Duvessa.
You kill Duvessa!
Dowan's eyes darken. "You have made a black mistake."
Dowan seems to find hidden reserves of power! (Press . to maintain the ray.)
Your Hexes skill increases to level 2!
You have reached level 6!
Your experience leads to a dramatic increase in your attributes!
Your base attributes are Str 8, Int 24, Dex 12.
Increase (S)trength, (I)ntelligence, or (D)exterity?
You feel clever. x4
Dowan mumbles some strange words.
Dowan blinks!
Dowan says, "Magic will overcome all!"
Dowan points at you and mumbles some strange words.
The shard of ice hits you!!
Ouch! That really hurt!
* * * LOW HITPOINT WARNING * * *
Dowan hits you with a +1 dagger of freezing.
* * * LOW HITPOINT WARNING * * *
Dowan freezes you.
You die...

# #.# # ##.## #
####...## + #.......# #
####...## # ##.## #
##.## # ##...###### #
#+# #...@.....# # #.#
#....e..#)##
#.#######.....≈.#..#
#####.......##........(#
..##....#.#.#####.)≈...#
#.#.....#...#####.≈≈≈..#
#.##..#####.......≈≈..##
#.###...#...####......#
#.###.#.#.#.# #....≈##


You could see Dowan (fast).

Vanquished Creatures
  Duvessa (D:4)
  A water moccasin skeleton (D:3)
  A howler monkey (D:4)
  A hound (D:4)
  6 adders
  An adder skeleton (D:4)
  4 dart slugs (D:4)
  6 endoplasms
  A giant cockroach (D:3)
  6 goblins
  4 hobgoblins
  3 quokkas
  8 ball pythons
  5 bats
  4 frilled lizards
  11 kobolds
  5 rats
  A spectral goblin (D:1)
69 creatures vanquished.

Vanquished Creatures (others)
  12 plants (D:4)
12 creatures vanquished.

Grand Total: 81 creatures vanquished

Notes
Turn   | Place    | Note
-------+----------+-------------------------------------------
     0 | D:1      | Dabor the Demigod Conjurer began the quest for the Orb.
     0 | D:1      | Reached XP level 1. HP: 14/14 MP: 5/5
   783 | D:1      | Reached XP level 2. HP: 20/20 MP: 4/7
  1410 | D:2      | Reached XP level 3. HP: 26/26 MP: 4/8
  2040 | D:3      | Reached skill level 4 in Conjurations
  2040 | D:3      | Reached skill level 1 in Hexes
  2296 | D:3      | Reached XP level 4. HP: 16/33 MP: 2/10
  3157 | D:4      | Identified the +1 pair of boots of Spite {Will+ Dex+2}
  3178 | D:4      | Reached XP level 5. HP: 38/38 MP: 8/11
  3553 | D:4      | Noticed Duvessa
  3553 | D:4      | Noticed Dowan
  3557 | D:4      | Noticed an ogre
  3593 | D:3      | Learned a level 2 spell: Searing Ray
  3611 | D:4      | Killed Duvessa
  3612 | D:4      | Reached XP level 6. HP: 28/45 MP: 0/13
  3616 | D:4      | HP: 1/45 [Dowan (4)]
  3616 | D:4      | Slain by Dowan

Illustrated notes

Levels and vault maps discovered:
D:1:      wander_arrival_estate, layout_loops_ring,
          dreamdust_ecumenical_altar_drowned_temple, minmay_misc_feat_chi,
          chequers_serial_rivers_small_a
D:2:      layout_basic
D:3:      layout_basic, grunt_gozag_breadcrumbs
D:4:      kennysheep_slugbush, layout_loops_corners, lemuel_doored_altar,
          grunt_decor_one_mirror, chequers_serial_rivers_micro_c,
          serial_bayou_pond_b, chequers_big_river, uniq_duvessa

Skill      XL: |  1  2  3  4  5 |
---------------+----------------+-----
Stealth        | 2 3 |  3.3
Dodging        | 2 3 |  3.1
Spellcasting   | 2 |  2.9
Conjurations   | 4 |  4.5
Hexes          | 1 2 |  2.1

Action                   |  1- 3 |  4- 6 || total
-------------------------+-------+-------++-------
Melee: Unarmed           |    14 |       ||    14
 Cast: Magic Dart        |   104 |    63 ||   167
       Searing Ray       |       |     4 ||     4
Armor: Robe              |     7 |     1 ||     8
Dodge: Dodged            |    18 |     9 ||    27
Block: Buckler           |     3 |     4 ||     7

Table legend: (Time is in decaauts)
 A = Elapsed time spent in this place.
 B = Non-inter-level travel time spent in this place.
 C = Inter-level travel time spent in this place.
 D = Time resting spent in this place.
 E = Time spent auto-exploring this place.
 F = Levels seen in this place.
 G = Mean time per level.
                   A        B        C        D        E       F      G
               +--------+--------+--------+--------+--------+-----+--------+
         Total |   3629 |   3527 |    102 |    501 |   2527 |   4 |  907.2 |
       Dungeon |   3629 |   3527 |    102 |    501 |   2527 |   4 |  907.2 |
               +--------+--------+--------+--------+--------+-----+--------+

Top non-repeatable levels by time:
     D:1: 1173 daAuts
     D:3: 1125 daAuts
     D:2: 853 daAuts
     D:4: 477 daAuts
